 Dungeon Crawl Stone Soup version 0.17-a0-2067-g8e1b6c4 (webtiles) character file.

59 KINGKRU the Skirmisher (level 4, 0/40 HPs)
             Began as a Hill Orc Fighter on Oct 13, 2015.
             Was a Follower of Kikubaaqudgha.
             Slain by a shadow (4 damage)
             ... created by the darkness of Dithmenos
             ... on level 2 of the Dungeon.
             The game lasted 00:07:40 (1538 turns).

KINGKRU the Skirmisher (Hill Orc Fighter)           Turns: 1538, Time: 00:07:40

Health: 0/40       AC:  8    Str: 19    XL:     4   Next: 3%
Magic:  4/4        EV:  7    Int:  8    God:    Kikubaaqudgha [*.....]
Gold:   77         SH:  9    Dex: 10    Spells: 1 memorised, 2 levels left

rFire  . . .     SeeInvis .     a - +0 long sword
rCold  . . .     Clarity  .     b - +0 scale mail
rNeg   . . .     SustAt   .     c - +0 shield
rPois  .         Gourm    .     (no helmet)
rElec  .         Spirit   .     n - +0 cloak
rCorr  .         Warding  .     (no gloves)
rMut   .         Stasis   .     (no boots)
MR     .....                    (no amulet)
Stlth  ..........               (no ring)
                                (no ring)

@: not resistant to hostile enchantments, extremely unstealthy
A: no striking features
a: Receive Corpses, Renounce Religion


You were on level 2 of the Dungeon.
You worshipped Kikubaaqudgha.
Kikubaaqudgha was aware of your devotion.
You were not hungry.

You visited 1 branch of the dungeon, and saw 2 of its levels.

You collected 77 gold pieces.

Inventory:

Hand Weapons
 a - a +0 long sword (weapon)
Armour
 b - a +0 scale mail (worn)
 c - a +0 shield (worn)
 n - a +0 cloak (worn)
Scrolls
 f - 2 scrolls of remove curse {unknown}
 i - 2 scrolls of teleportation {unknown}
 k - 2 scrolls of identify {unknown}
Potions
 d - a potion of might
 g - a potion of cure mutation {unknown}
 l - a potion of curing {unknown}
 m - a potion of lignification {unknown}
Books
 e - Kikubaaqudgha's Reference Book on Necromancy
   (Kikubaaqudgha gifted it to you on level 2 of the Dungeon)

   Spells                             Type                      Level
   a - Animate Skeleton               Necromancy                   1
   b - Corpse Rot                     Necromancy                   2
   c - Sublimation of Blood           Necromancy                   2
   d - Vampiric Draining              Necromancy                   3
   e - Control Undead                 Necromancy                   4
Comestibles
 h - a royal jelly
 j - a meat ration
 o - a chunk of flesh


   Skills:
 + Level 4.0 Fighting
 + Level 2.9 Long Blades
 + Level 3.7 Armour
 + Level 1.0 Dodging
 + Level 3.9 Shields


You had 2 spell levels left.
You knew the following spells:

 Your Spells              Type           Power        Failure   Level  Hunger
a - Animate Skeleton      Necr           N/A          100%        1    ##.....


Dungeon Overview and Level Annotations

Branches:
Dungeon (2/15)

Altars:
Ashenzari
Dithmenos
Kikubaaqudgha


Message History

The shadow hits you! You block the shadow's attack.
The shadow slips into darkness.
The shadow flickers and vanishes!
Deactivating autopickup; reactivate with Ctrl-A.
The shadow slips into darkness.
The shadow flickers and vanishes!
You block the shadow's attack.
Some of the chunks of flesh in your inventory have rotted away.
You feel yourself speed up.
The shadow strikes at you from the darkness! x2
Ouch! That really hurt!
* * * LOW HITPOINT WARNING * * *
Reactivating autopickup.
The shadow strikes at you from the darkness!
* * * LOW HITPOINT WARNING * * *
The shadow slips into darkness.
The shadow flickers and vanishes!
Deactivating autopickup; reactivate with Ctrl-A.
You block the shadow's attack. The shadow hits you.
You die...
Kikubaaqudgha rasps: "You have failed me!
Welcome... death!"

##.#.#†#.#.#...# #..##...#.....
###.#.#.#.#.#.#..# #.##..#.......
...#.#.#.#.#.#..####....####.....
....#.#.#)#.#.#.###...### ##....
...#.#.#.#.#.#..##..>#######...(.
###.#.#.#.#.#.#....#.###......#..
##..<..###.####.#....##..##..####
#.......##.# #..W{..............
#[...[..##.####.@W.########.####.
#.................## #.# ##
..................# #.####.
#.......######..<###### #......
##.....## ##.......## #..###.
.##...## #..####..####.## #.
###..## ##....###.......####.
_#..## #..##.##.....##.#.(..
##..# #.###....##.....#..##


You could see 2 shadows.

Vanquished Creatures
  2 oozes
  3 worms (D:2)
  A giant gecko (D:1)
  A giant cockroach (D:1)
  3 goblins
  6 hobgoblins
  5 jackals (D:2)
  2 quokkas (D:2)
  7 bats
  A giant newt (D:2)
  2 kobolds (D:2)
  7 rats
40 creatures vanquished.

Notes
Turn   | Place    | Note
--------------------------------------------------------------
     0 | D:1      | KINGKRU the Hill Orc Fighter began the quest for the Orb.
     0 | D:1      | Reached XP level 1. HP: 19/19 MP: 1/1
   155 | D:1      | Reached XP level 2. HP: 21/27 MP: 2/2
   495 | D:1      | You fall through a shaft!
   537 | D:2      | Found an ancient bone altar of Kikubaaqudgha.
   541 | D:2      | Found a shattered altar of Ashenzari.
   543 | D:2      | Found a shadowy altar of Dithmenos.
   552 | D:2      | Became a worshipper of Dithmenos the Shadowed
   573 | D:2      | Fell from the grace of Dithmenos
   573 | D:2      | Became a worshipper of Kikubaaqudgha
   618 | D:2      | Reached XP level 3. HP: 29/33 MP: 3/3
  1019 | D:2      | Reached skill level 1 in Dodging
  1294 | D:2      | Reached * piety under Kikubaaqudgha
  1294 | D:2      | Received a gift from Kikubaaqudgha
  1310 | D:2      | Reached XP level 4. HP: 27/40 MP: 4/4
  1311 | D:2      | Identified Kikubaaqudgha's Reference Book on Necromancy (Kikubaaqudgha gifted it to you on level 2 of the Dungeon)
  1314 | D:2      | Learned a level 1 spell: Animate Skeleton
  1481 | D:2      | Reached skill level 4 in Fighting
  1534 | D:2      | Noticed a shadow
  1534 | D:2      | Noticed a shadow
  1534 | D:2      | Noticed a shadow
  1538 | D:2      | Slain by a shadow

Vault maps used:
D:1:      dpeg_arrival_round_b
D:2:      minitemple, serial_park_tiny_1, minivault_23

Action                   |  1- 3 |  4- 6 || total
-------------------------+-------+-------++-------
Melee: Long sword        |   137 |     6 ||   143
  Eat: Bread ration      |     1 |       ||     1
